Map: Catalyst LE

Players

Braveheart (F91)

  • Race: Zerg Zerg
  • League: Master
  • Spawn Location: 5:00

Gentleprobe (Cyan) - Winner!

  • Race: Protoss Protoss
  • League: Master
  • Spawn Location: 11:00

Event: 2018 Hangzhou StarCraft Carnival

VOD

Have the link to the VOD?

Description

Time

  • Played on: April 28, 2018, 11:47 p.m.
  • Length: 8:32

All games in this series

Show
View Real Time Build Order
Export as new Build Order

Braveheart Zerg 

Build Orders: 3 Hatch before Pool 

Get SALT Encoding   

  12  0:00  Drone  
  13  0:08  Drone  
  14  0:17  Overlord  
  14  0:28  Drone, Extractor  
  15  0:36  Drone x2  
  17  0:54  Hatchery  
  16  0:59  Drone x2  
  18  1:24  Drone  
  18  1:25  Drone  
  20  1:32  Drone  
  21  1:38  Drone  
  21  1:39  Extractor  
  21  1:43  Hatchery  
  20  1:49  Spawning Pool  
  20  1:52  Drone  
  20  2:00  Drone  
  21  2:06  Drone  
  22  2:12  Drone  
  23  2:18  Drone  
  24  2:29  Overlord  
  24  2:30  Drone  
  25  2:39  Zergling x4  
  27  2:46  Metabolic Boost  
  27  2:47  Queen  
  27  2:49  Extractor  
  27  2:51  Queen  
  28  2:52  Zergling x2  
  28  2:53  Zergling x2  
  28  2:54  Drone  
  34  3:06  Queen  
  34  3:07  Drone x3  
  38  3:22  Spore Crawler  
  38  3:24  Extractor  
  38  3:25  Drone x2  
  38  3:26  Drone x3  
  41  3:30  Overlord  
  43  3:43  Spore Crawler  
  43  3:44  Overlord  
  42  3:51  Drone x3  
  42  3:52  Drone x3  
  48  3:57  Extractor  
  46  4:09  Roach Warren  
  44  4:11  Drone x3  
  44  4:14  Extractor  
  46  4:23  Drone x3  
  49  4:24  Overlord x2  
  49  4:27  Zergling x8  
  53  4:40  Lair  
  53  4:41  Overlord  
  53  4:49  Overlord x2  
  53  4:50  Roach x7  
  66  4:53  Roach  
  68  5:02  Zergling x6  
  71  5:08  Roach x2  
  71  5:10  Roach  
  78  5:14  Ravager  
  78  5:18  Roach x2  
  82  5:28  Roach  
  84  5:33  Roach x3  
  84  5:34  Roach  
  92  5:36  Roach x2  
  92  5:41  Overlord x2  
  94  5:46  Overlord  
  94  5:48  Extractor  
  93  5:57  Drone x4  
  96  5:59  Overlord x2  
  96  6:02  Glial Reconstitution  
  97  6:13  Nydus Network  
  96  6:19  Overseer  
  93  6:48  Drone x7  
  97  6:59  Roach  
  97  7:00  Roach x11  
  120  7:09  Overlord  
  119  7:17  Ravager x4  
  119  7:18  Ravager  
  122  7:38  Roach x6  
  122  7:39  Roach x3  
  139  8:11  Overlord x2  
  134  8:15  Spine Crawler  
  134  8:16  Spine Crawler  
  134  8:17  Spine Crawler x4  
  134  8:19  Spine Crawler  
Show
View Real Time Build Order
Export as new Build Order

Gentleprobe Protoss - Winner!

Build Orders: 1 Gate Expand 

Get SALT Encoding   

  12  0:00  Probe  
  13  0:12  Probe  
  14  0:17  Pylon  
  14  0:24  Probe  
  15  0:32  Probe  
  15  0:38  Gateway  
  15  0:40  Probe  
  16  0:47  Assimilator  
  17  0:51  Probe  
  18  1:03  Probe  
  19  1:15  Probe  
  20  1:29  Nexus  
  20  1:35  Cybernetics Core  
  20  1:38  Probe  
  21  1:44  Assimilator  
  21  1:50  Probe  
  22  1:55  Pylon  
  22  2:02  Probe  
  22  2:04  Adept  
  23  2:12  Warp Gate  
  23  2:14  Probe  
  26  2:22  Probe  
  26  2:27  Twilight Council  
  27  2:30  Probe  
  27  2:32  Adept  
  30  2:40  Probe  
  30  2:41  Probe  
  32  2:48  Probe  
  32  2:53  Probe  
  32  2:55  Resonating Glaives  
  32  2:58  Probe  
  34  3:03  Adept  
  34  3:05  Probe  
  38  3:10  Probe  
  39  3:17  Probe  
  39  3:18  Gateway  
  40  3:22  Probe  
  40  3:25  Gateway  
  41  3:29  Probe  
  41  3:32  Adept  
  44  3:34  Probe  
  44  3:40  Pylon  
  45  3:41  Probe  
  46  3:49  Pylon  
  46  3:58  Probe x2  
  48  4:06  Robotics Facility  
  46  4:10  Probe x2  
  46  4:15  Adept x2  
  52  4:18  Assimilator  
  52  4:20  Assimilator  
  52  4:22  Pylon, Probe x2  
  54  4:24  Adept  
  54  4:29  Pylon  
  56  4:34  Probe  
  57  4:43  Probe, Sentry x2  
  62  4:55  Nexus  
  62  4:57  Pylon, Observer  
  62  4:58  Robotics Bay  
  63  5:10  Immortal  
  63  5:17  Pylon, Shield Battery, Sentry  
  63  5:18  Adept  
  71  5:23  Probe x2  
  71  5:25  Blink  
  73  5:30  Gateway  
  73  5:36  Gateway, Immortal  
  71  5:43  Sentry  
  71  5:44  Gateway  
  71  5:46  Probe  
  71  5:47  Probe  
  79  5:50  Pylon  
  79  6:01  Stalker x2  
  79  6:03  Phoenix, Probe  
  84  6:07  Stalker  
  86  6:14  Disruptor  
  86  6:15  Pylon  
  89  6:25  Probe x2  
  89  6:30  Stalker  
  89  6:31  Stalker x2  
  97  6:38  Probe  
  98  6:43  Forge  
  98  6:47  Gateway  
  98  6:49  Gateway, Probe  
  98  6:50  Observer  
  98  6:51  Disruptor  
  93  6:59  Stalker x3  
  100  7:02  Probe x2  
  100  7:05  Stalker  
  100  7:08  Stalker  
  106  7:12  Stalker  
  108  7:21  Warp Prism  
  108  7:22  Stalker  
  110  7:24  Stalker  
  114  7:41  Stalker x4  
  122  7:44  Pylon  
  122  7:45  Probe x2  
  122  7:46  Assimilator  
  124  7:52  Assimilator  
  124  7:57  Probe  
  125  8:02  Probe  
  126  8:09  Probe  
  126  8:10  Stalker x2  
  131  8:15  Probe  
Tags
 
Add a new tag
Caveats
  • Supply blocks, unpowered buildings, or Contaminate may cause inaccurate times.
  • Supply counts are checked every 10 seconds.